 Dungeon Crawl Stone Soup version 0.19.4-9-g45fd643 (webtiles) character file.

1358 Kosschaser the Covert (level 8, -5/58 HPs)
             Began as a Vampire Assassin on Feb 16, 2017.
             Was an Initiate of Dithmenos.
             Slain by a gnoll
             ... wielding a +0 spear
              (6 damage)
             ... on level 5 of the Dungeon.
             The game lasted 00:34:19 (10506 turns).

Kosschaser the Covert (Vampire Assassin)           Turns: 10506, Time: 00:34:19

Health: -5/58      AC:  7    Str: 10    XL:     8   Next: 37%
Magic:  0/11       EV: 14    Int: 13    God:    Dithmenos [......]
Gold:   276        SH:  0    Dex: 18    Spells: 2 memorised, 7 levels left

rFire  . . .     SeeInvis +     v - +1 dagger (venom)
rCold  + + .     Gourm    .     c - +0 robe
rNeg   + + +     Faith    .     (no shield)
rPois  ∞         Spirit   +     (no helmet)
rElec  .         Reflect  .     d - +0 cloak
rCorr  .         Harm     .     i - +1 pair of gloves
MR     +....                    (no boots)
Stlth  +++++++...               n - amulet of guardian spirit
                                (no ring)
                                j - ring of protection from magic

@: about to teleport, very slightly contaminated, bloodless, non-regenerating
A: fangs 3, yellow scales 1, see invisible, wild magic 1, unbreathing
a: Bat Form, Renounce Religion


You were on level 5 of the Dungeon.
You worshipped Dithmenos.
Dithmenos was noncommittal.
You were bloodless.

You visited 2 branches of the dungeon, and saw 7 of its levels.

You collected 300 gold pieces.
You spent 24 gold pieces at shops.

Inventory:

Hand Weapons
 a - a +3 dagger
 b - a +0 blowgun
 v - a +1 dagger of venom (weapon)
Missiles
 f - a curare-tipped needle
Armour
 c - a +0 robe (worn)
 d - a +0 cloak (worn)
 i - a +1 pair of gloves (worn)
Jewellery
 j - a ring of protection from magic (left hand)
 n - an amulet of guardian spirit (around neck)
 r - an uncursed amulet of regeneration
Wands
 h - a wand of flame (20/48)
Scrolls
 k - a scroll of blinking {unknown}
 l - a scroll of enchant armour
 m - 2 scrolls of fog
 q - 2 scrolls of remove curse
 w - 3 scrolls of teleportation
 y - a scroll of recharging {unknown}
Potions
 g - 4 potions of blood
 o - a potion of heal wounds
 p - a potion of agility
 s - 3 potions of lignification
 t - 2 potions of degeneration {unknown}
 u - a potion of haste
 z - a potion of brilliance
 A - a potion of invisibility
Books
 x - a book of Minor Magic

   Spells                             Type                      Level
   a - Magic Dart                     Conjuration                  1
   b - Blink                          Translocation                2
   c - Call Imp                       Summoning                    2
   d - Repel Missiles                 Charms/Air                   2
   e - Slow                           Hexes                        2
   f - Conjure Flame                  Conjuration/Fire             3
   g - Mephitic Cloud                 Conjuration/Poison/Air       3


   Skills:
 + Level 3.0 Fighting
 + Level 6.1 Short Blades
 + Level 2.6 Throwing
 + Level 3.9 Dodging
 + Level 10.9 Stealth
 + Level 2.1 Spellcasting
 + Level 2.4 Hexes
 + Level 0.8 Translocations


You had 7 spell levels left.
You knew the following spells:

 Your Spells              Type           Power        Failure   Level  Hunger
a - Slow                  Hex            ##......     24%         2    ###....
b - Blink                 Tloc           N/A          38%         2    ###....


Dungeon Overview and Level Annotations

Branches:
Dungeon (6/15)             Temple (1/1) D:5

Altars:
Dithmenos
Fedhas
Hepliaklqana
Nemelex Xobeh
Trog
Xom
The Shining One

Shops:
D:4 *   D:5 =

Annotations:
D:5 Blork the orc, Dowan
D:6 Sigmund


Innate Abilities, Weirdness & Mutations

You do not heal naturally.
You are immune to poison.
You have razor-sharp teeth.
You have supernaturally acute eyesight. (SInv)
You can survive without breathing.
You are partially covered in yellow scales. (AC +2)
Your spells are a little harder to cast, but a little more powerful.


Message History

The gnoll hits you from afar with a spear.
* * * LOW HITPOINT WARNING * * *
You kill the gnoll!
Dithmenos accepts your kill.
The gnoll hits you from afar with a spear.
* * * LOW HITPOINT WARNING * * *
You see here a poisoned needle.
You closely miss the gnoll. The gnoll barely misses you.
You hit the gnoll. Your bite misses the gnoll.
The gnoll is lightly wounded.
Blork the orc points at you and mumbles some strange words.
The puff of frost hits you! You resist.
* * * LOW HITPOINT WARNING * * *
The gnoll hits you from afar with a spear.
* * * LOW HITPOINT WARNING * * *
As you read the scroll of teleportation, it crumbles to dust.
You feel strangely unstable.
The gnoll looks more healthy.
The gnoll closely misses you.
The gnoll hits you from afar with a spear.
You die...

...................#........#
#...#...#...#...#..#....<...#
.................._#........#####
#...#...#...#...#..#.............
...................#........#####
######################.######
########.........[[)....#
......og.......#(..)....####
########.......(@........... . #
##..o>.###g......###....## #
#.......##g.....[.%.......
#################..##.##.........
#......o.......###.>...####......
'.g..g..........#####..# ###....#
#.?g.............# ##..##.....#.
##############....##......###.#.#
# ##...##.#........##.


You could see Blork the orc and 2 gnolls.

Vanquished Creatures
  Duvessa (D:5)
  2 ogres
  An ice beast (D:6)
  A centaur (D:3)
  2 bullfrogs
  2 scorpions (D:4)
  A water moccasin skeleton (D:5)
  A howler monkey (D:6)
  A crimson imp (D:5)
  3 orc wizards
  3 orc priests
  Natasha (thrice) (D:2)
  A worker ant (D:4)
  2 hound skeletons (D:4)
  4 gnolls
  10 adders
  A shadow imp (D:5)
  An ooze (D:2)
  4 worms
  5 dart slugs
  3 leopard geckos
  18 orcs
  9 bats
  6 giant cockroaches
  9 goblins
  7 hobgoblins
  4 jackals (D:1)
  4 quokkas
  A ball python (D:3)
  A ball python skeleton (D:4)
  7 frilled lizards
  A giant cockroach zombie (D:5)
  A jackal skeleton (D:5)
  6 kobolds
  A leopard gecko zombie (D:5)
  13 rats
140 creatures vanquished.

Notes
Turn   | Place    | Note
-------+----------+-------------------------------------------
     0 | D:1      | Kosschaser the Vampire Assassin began the quest for the Orb.
     0 | D:1      | Reached XP level 1. HP: 16/16 MP: 1/1
    39 | D:1      | Reached skill level 6 in Stealth
   942 | D:1      | Reached XP level 2. HP: 10/22 MP: 2/2
  1677 | D:2      | Reached XP level 3. HP: 27/27 MP: 3/3
  1817 | D:2      | Reached skill level 7 in Stealth
  2203 | D:2      | Noticed Natasha
  2335 | D:2      | Killed Natasha
  2335 | D:2      | Reached XP level 4. HP: 33/33 MP: 4/4
  2497 | D:2      | Noticed Natasha
  2514 | D:2      | Killed Natasha
  3031 | D:2      | Noticed Natasha
  3771 | D:2      | Killed Natasha
  3771 | D:2      | Reached XP level 5. HP: 30/38 MP: 5/5
  3992 | D:3      | Noticed a centaur
  4801 | D:3      | Found a blossoming altar of Fedhas.
  5329 | D:3      | Reached skill level 8 in Stealth
  6500 | D:3      | Reached XP level 6. HP: 25/45 MP: 6/6
  7694 | D:4      | Found a hazy altar of Hepliaklqana.
  7696 | D:4      | Found a sparkling altar of Nemelex Xobeh.
  7814 | D:4      | Reached skill level 9 in Stealth
  7852 | D:4      | Found a glowing golden altar of the Shining One.
  7894 | D:4      | Reached skill level 5 in Short Blades
  7902 | D:4      | Learned a level 2 spell: Slow
  7905 | D:4      | Learned a level 2 spell: Blink
  8007 | D:4      | Found Suny's General Store.
  8019 | D:4      | Bought a scroll of identify for 24 gold pieces
  8143 | D:4      | Reached XP level 7. HP: 46/51 MP: 7/7
  8317 | D:4      | Gained mutation: You are partially covered in yellow scales. (AC +2) [potion of beneficial mutation]
  8318 | D:4      | Gained mutation: Your spells are a little harder to cast, but a little more powerful. [potion of beneficial mutation]
  8426 | D:4      | Reached skill level 1 in Spellcasting
  8626 | D:3      | Reached skill level 10 in Stealth
  9009 | D:4      | Reached skill level 1 in Hexes
  9380 | D:5      | Entered Level 5 of the Dungeon
  9389 | D:5      | Noticed Duvessa
  9405 | D:5      | Noticed Dowan
  9475 | D:5      | Found a staircase to the Ecumenical Temple.
  9493 | Temple   | Entered the Ecumenical Temple
  9526 | Temple   | Became a worshipper of Dithmenos the Shadowed
  9610 | D:5      | Found Noelets's Jewellery Shop.
  9739 | D:5      | Killed Duvessa
  9739 | D:5      | Reached XP level 8. HP: 44/58 MP: 0/10
 10226 | D:5      | Found a bloodstained altar of Trog.
 10270 | D:5      | Noticed Blork the orc
 10406 | D:6      | Noticed Sigmund
 10505 | D:5      | HP: 1/58 [gnoll/spear (5)]
 10506 | D:5      | Slain by a gnoll

Skill      XL: |  1  2  3  4  5  6  7  8 |
---------------+-------------------------+-----
Stealth        | 6 7 8 9 10 | 10.9
Fighting       | 2 3 |  3.0
Short Blades   | 3 4 5 6 |  6.1
Dodging        | 2 3 |  3.9
Throwing       | 2 |  2.6
Spellcasting   | 1 2 |  2.1
Hexes          | 2 |  2.4
Translocations | |  0.8

Action                   |  1- 3 |  4- 6 |  7- 9 || total
-------------------------+-------+-------+-------++-------
Melee: Dagger            |   111 |   253 |   134 ||   498
       Bite              |     7 |    25 |    16 ||    48
 Fire: Blowgun           |     8 |    34 |    13 ||    55
Throw: Throwing net      |     2 |       |       ||     2
 Cast: Blink             |       |     2 |     3 ||     5
       Slow              |       |       |     4 ||     4
  Use: Scroll            |       |    12 |     4 ||    16
       Potion            |       |    11 |     6 ||    17
 Stab: Sleeping          |    18 |    11 |    14 ||    43
       Distracted        |       |     1 |       ||     1
Armor: Robe              |    36 |    68 |    24 ||   128
Dodge: Dodged            |    74 |   169 |    81 ||   324
